 Dungeon Crawl Stone Soup version 0.25.1-8-g42b30a86e7 (webtiles) character file.

Game seed: 13320971375793469379

200 Clowwww the Chopper (level 5, -3/47 HPs)
             Began as a Hill Orc Fighter on Dec 5, 2020.
             Slain by Sigmund
             ... wielding a +0 scythe
              (10 damage)
             ... on level 2 of the Dungeon.
             The game lasted 00:02:59 (1452 turns).

Clowwww the Chopper (Hill Orc Fighter)              Turns: 1452, Time: 00:02:59

Health: -3/47      AC:  9    Str: 20    XL:     5   Next: 78%
Magic:  5/5        EV:  9    Int:  8    God:
Gold:   95         SH:  0    Dex: 10    Spells: 4/4 levels left

rFire    . . .     SeeInvis .   a - +0 war axe
rCold    . . .     Gourm    .   g - +2 buckler {AC+3}
rNeg     . . .     Faith    .   b - +0 scale mail
rPois    .         Spirit   .   (no helmet)
rElec    .         Reflect  .   (no cloak)
rCorr    .         Harm     .   (no gloves)
MR       .....                  (no boots)
Stlth    ..........             (no amulet)
HPRegen  0.15/turn              (no ring)
MPRegen  0.09/turn              (no ring)

@: confused, heavily drained
A: no striking features
a: no special abilities


You were on level 2 of the Dungeon.
You were very hungry.

You visited 1 branch of the dungeon, and saw 2 of its levels.

You collected 95 gold pieces.

Inventory:

Hand Weapons
 a - a +0 war axe (weapon)
Armour
 b - a +0 scale mail (worn)
 c - a +0 kite shield
 g - a +2 buckler of protection (worn)
Scrolls
 d - a scroll of identify {unknown}
 h - a scroll of amnesia {unknown}
 j - a scroll of remove curse {unknown}
 k - a scroll of noise {unknown}
 l - a scroll of teleportation {unknown}
Potions
 i - a potion of cancellation {unknown}
 m - a potion of flight {unknown}
Comestibles
 f - 2 rations


   Skills:
 + Level 4.4(1.6) Fighting
 + Level 5.1(2.2) Axes
 + Level 4.2(1.3) Armour
 + Level 0.9(0.0) Dodging
 + Level 0.2(0.0) Stealth
 + Level 4.1(1.3) Shields


You had 4 spell levels left.
You didn't know any spells.
Your spell library was empty.

Dungeon Overview and Level Annotations

Branches:
Dungeon (2/15)

Altars:

Annotations:
D:2 Sigmund


Message History

* * * LOW HITPOINT WARNING * * *
You closely miss Sigmund.
Sigmund is heavily wounded.
Sigmund casts a spell.
Sigmund flickers and vanishes!
Deactivating autopickup; reactivate with Ctrl-A.
Something hits you.
* * * LOW HITPOINT WARNING * * *
Okay, then.
You feel better.
You slash something! Something hits you.
* * * LOW HITPOINT WARNING * * *
You miss something. You block something's attack.
You closely miss something.
You hear some strange, mumbled words.
Something tries to affect you, but you resist.
You hear some strange, mumbled words.
You are confused.
Something hits you!
You die...

#### ..# #.#
##.####### #.{......#
##...####.#
##@###.###.#
#.######.## ##.##.#
#....†...# #.##.#
#>.#####.## ##.##.#
............###.###.#
############....##
#.# #.##.# #)#
##.##.# #.#####
#...#.# #.....#


There were no monsters in sight!

Vanquished Creatures
  A gnoll sergeant (D:2)
  Terence (D:2)
  8 gnolls (D:2)
  An adder (D:2)
  A dart slug (D:1)
  A leopard gecko (D:1)
  2 bats (D:1)
  A giant cockroach (D:2)
  4 goblins (D:1)
  3 hobgoblins (D:1)
  4 kobolds
  3 frilled lizards (D:1)
  2 rats
32 creatures vanquished.

Notes
Turn   | Place    | Note
-------+----------+-------------------------------------------
     0 | D:1      | Clowwww the Hill Orc Fighter began the quest for the Orb.
     0 | D:1      | Reached XP level 1. HP: 19/19 MP: 1/1
   107 | D:1      | Reached XP level 2. HP: 22/27 MP: 2/2
   728 | D:2      | Reached XP level 3. HP: 19/33 MP: 3/3
   731 | D:2      | Reached skill level 3 in Axes
   958 | D:2      | Noticed a gnoll sergeant
   966 | D:2      | Reached XP level 4. HP: 22/40 MP: 4/4
   969 | D:2      | Killed a gnoll sergeant
   969 | D:2      | Reached skill level 4 in Axes
   969 | D:2      | Reached XP level 5. HP: 26/47 MP: 5/5
  1217 | D:2      | Noticed Terence
  1237 | D:2      | Killed Terence
  1237 | D:2      | Reached skill level 5 in Axes
  1376 | D:2      | Noticed Sigmund
  1452 | D:2      | Slain by Sigmund

Illustrated notes

Levels and vault maps discovered:
D:1:      heliophobic_arrival_battle_scene, layout_basic
D:2:      layout_loops_ring, uniq_sigmund, uniq_terence, uniq_crazy_yiuf_cottage

Skill      XL: |  1  2  3  4  5 |
---------------+----------------+-----
Fighting       | 4 |  4.4
Axes           | 3 4 5 |  5.1
Armour         | 4 |  4.2
Shields        | 4 |  4.1
Dodging        | |  0.9
Stealth        | |  0.2

Action                   |  1- 3 |  4- 6 || total
-------------------------+-------+-------++-------
Melee: War axe           |    67 |    85 ||   152
  Use: Potion            |     1 |     2 ||     3
  Eat: Chunk             |       |     1 ||     1
Armor: Scale mail        |    33 |    28 ||    61
Dodge: Dodged            |    24 |    23 ||    47
Block: Kite shield       |    30 |    13 ||    43
       Buckler           |       |    20 ||    20
